 Dungeon Crawl Stone Soup version 0.30-a0-359-gd0147acb1a (webtiles) character file.

Game seed: 9527213149893889717

32 spaceBoy the Poker (level 3, 27/27 HPs)
             Began as a Demonspawn Gladiator on Nov 11, 2022.
             Quit the game on level 2 of the Dungeon.
             The game lasted 00:07:34 (966 turns).

spaceBoy the Poker (Demonspawn Gladiator)            Turns: 966, Time: 00:07:34

Health: 27/27      AC:  9    Str: 16    XL:     3   Next: 10%
Magic:  3/3        EV:  7    Int:  9    God:
Gold:   95         SH:  0    Dex: 14    Spells: 2/2 levels left

rFire   . . .      SeeInvis .    a - +0 trident
rCold   . . .      Faith    .    (no shield)
rNeg    . . .      Spirit   .    i - +0 chain mail
rPois   .          Reflect  .    c - +0 helmet
rElec   .          Harm     .    (no cloak)
rCorr   .          Rampage  .    (no gloves)
Will    .....                    (no boots)
Stlth   ..........               (no amulet)
HPRegen 0.24/turn                (no ring)
MPRegen 0.08/turn                (no ring)

@: no status effects
A: hooves 1, powered by pain 1
a: no special abilities


You were on level 2 of the Dungeon.
You visited 1 branch of the dungeon, and saw 2 of its levels.

You collected 95 gold pieces.

Inventory:

Hand Weapons
 a - a +0 trident (weapon)
Missiles
 d - 3 throwing nets (quivered)
 e - a javelin
 f - 3 poisoned darts
Armour
 b - a +0 leather armour
 c - a +0 helmet (worn)
 i - a +0 chain mail (worn)
Scrolls
 g - a scroll of blinking {unknown}
 h - a scroll of enchant armour {unknown}
 j - 2 scrolls of identify {unknown}
Potions
 k - a potion of heal wounds {unknown}


   Skills:
 + Level 2.1 Fighting
 + Level 3.2 Polearms
 + Level 2.0 Throwing
 + Level 0.1 Armour
 + Level 3.1 Dodging


You had 2 spell levels left.
You didn't know any spells.
Your spell library was empty.

Dungeon Overview and Level Annotations

Branches:
Dungeon (2/15)

Altars:


Innate Abilities, Weirdness & Mutations

You have large cloven feet.
You sometimes gain a little power by taking damage.


Message History

You now have 82 gold pieces (gained 12).
Found 13 gold pieces.
j - 2 scrolls labelled LOGAKI BARAAL (gained 1)
A goblin comes into view. It is wielding a +0 club.
The goblin shouts!
The goblin unwields a +0 club.
The goblin wields a +0 sling.
The goblin shoots a sling bullet.
The sling bullet hits you.
Found a hand axe.
The goblin shoots a sling bullet.
The sling bullet hits you but does no damage.
The goblin shoots a sling bullet.
The sling bullet barely misses you.
The goblin shoots a sling bullet.
The sling bullet hits you but does no damage.
The goblin shoots a sling bullet.
The sling bullet hits you.
The goblin shoots a sling bullet.
The sling bullet hits you but does no damage.
The goblin shoots a sling bullet.
The sling bullet hits you but does no damage.
The goblin shoots a sling bullet.
The sling bullet hits you but does no damage.
The goblin shoots a sling bullet.
The sling bullet hits you.
The goblin shoots a sling bullet.
The sling bullet barely misses you.
The goblin shoots a sling bullet.
The sling bullet hits you but does no damage.
The goblin shoots a sling bullet.
The sling bullet hits you but does no damage.
The goblin unwields a +0 sling.
The goblin wields a +0 club.
The goblin hits you but does no damage.
You puncture the goblin!
You kill the goblin!
Things that are here:
a +0 club; a +0 sling; a goblin corpse HP restored.
You now have 95 gold pieces (gained 13).
As you open the door, it creaks loudly!
There is an open door here.
Found a short sword.
You open the door.
There is an open door here.
Are you sure you want to abandon this character and quit the game? (Confirm with "yes".)

.. ###### ... #@...#
...###### ##.#)#
........#######'#.###
........#...........#
........#........##.#
........#........# .####
........#........# ...#
........#........#####.#
........'..).....+....>###


There were no monsters in sight!

Vanquished Creatures
  A dart slug (D:1)
  3 endoplasms (D:1)
  A giant cockroach (D:1)
  2 goblins
  4 hobgoblins (D:1)
  4 jackals (D:1)
  3 ball pythons (D:1)
  3 bats (D:1)
  A frilled lizard (D:1)
  2 kobolds (D:1)
  2 rats (D:1)
26 creatures vanquished.

Notes
Turn   | Place    | Note
-------+----------+-------------------------------------------
     0 | D:1      | spaceBoy the Demonspawn Gladiator began the quest for the
                  | Orb.
     0 | D:1      | Reached XP level 1. HP: 16/16 MP: 1/1
   320 | D:1      | Gained mutation: You sometimes gain a little power by
                  | taking damage. [demonic ancestry]
   320 | D:1      | Reached XP level 2. HP: 20/22 MP: 2/2
   743 | D:1      | Gained mutation: You have large cloven feet. [demonic
                  | ancestry]
   743 | D:1      | Reached XP level 3. HP: 27/27 MP: 3/3
   966 | D:2      | Quit the game

Illustrated notes

Levels and vault maps discovered:
D:1:      minmay_arrival_open_corners, layout_basic, minmay_fountain_box
D:2:      layout_basic, chequers_ecumenical_altar_lobes,
          kennysheep_generic_room_13

Skill      XL: |  1  2 |
---------------+-------+-----
Throwing       | 2 |  2.0
Dodging        | 3 |  3.1
Polearms       | 3 |  3.2
Fighting       | |  2.1
Armour         | |  0.1

Action                   || total
-------------------------++-------
Melee: Trident           ||    82
       Punch             ||     1
Armor: Leather armour    ||    35
       Chain mail        ||    11
Dodge: Dodged            ||    72

Table legend: (Time is in decaauts)
 A = Elapsed time spent in this place.
 B = Non-inter-level travel time spent in this place.
 C = Inter-level travel time spent in this place.
 D = Time resting spent in this place.
 E = Time spent auto-exploring this place.
 F = Levels seen in this place.
 G = Mean time per level.
                   A        B        C        D        E       F      G
               +--------+--------+--------+--------+--------+-----+--------+
         Total |    977 |    977 |      0 |      0 |     46 |   2 |  488.5 |
       Dungeon |    977 |    977 |      0 |      0 |     46 |   2 |  488.5 |
               +--------+--------+--------+--------+--------+-----+--------+

Top non-repeatable levels by time:
     D:1: 871 daAuts
     D:2: 105 daAuts
